 Dungeon Crawl Stone Soup version 0.27-a0-1177-g245c70e1c0 (webtiles) character file.

Game seed: 17325835762216515360

26448 wakim the Protected (level 12, -3/108 HPs)
             Began as a Minotaur Fighter on May 16, 2021.
             Was the Champion of Okawaru.
             Slain by a large slime creature (27 damage)
             ... on level 13 of the Dungeon.
             The game lasted 00:35:00 (12694 turns).

wakim the Protected (Minotaur Fighter)             Turns: 12694, Time: 00:35:01

Health: -3/108     AC: 21    Str: 26    XL:     12   Next: 98%
Magic:  11/16      EV:  8    Int:  5    God:    Okawaru [******]
Gold:   748        SH: 14    Dex: 10    Spells: 11/11 levels left

rFire    + . .     SeeInvis +   a - +2 whip (elec)
rCold    . . .     Faith    .   c - +0 kite shield
rNeg     . . .     Spirit   .   q - +0 plate armour {Will+}
rPois    .         Reflect  .   n - +0 hat "Umnir" {rF+}
rElec    +         Harm     .   D - +2 cloak
rCorr    .         Rampage  .   w - +0 pair of gloves of the Barnacle {rElec}
Will     ++...                  (no boots)
Stlth    ..........             e - amulet of regeneration
HPRegen  1.28/turn              f - ring of see invisible
MPRegen  0.15/turn              i - ring of willpower

@: finesse-ful, studying Shields
A: horns 2, retaliatory headbutt
a: Renounce Religion, Heroism, Finesse


You were on level 13 of the Dungeon.
You worshipped Okawaru.
Okawaru was exalted by your worship.
You visited 2 branches of the dungeon, and saw 14 of its levels.

You collected 748 gold pieces.

Inventory:

Hand Weapons
 a - a +2 whip of electrocution (weapon)
 b - a +0 morningstar
 g - the +6 hand axe of Experimentation {flame, rPois rC- Int+4 SInv}
   (You took it off an orc priest on level 11 of the Dungeon)

   It has been specially enchanted to burn those struck by it, causing extra
   injury to most foes and up to half again as much damage against particularly
   susceptible opponents.
   Big, fiery blades are also staple armaments of hydra-hunters.
   It affects your intelligence (+4).
   It makes you vulnerable to cold.
   It protects you from poison.
   It lets you see invisible.
 u - a +2 vorpal hand crossbow
Missiles
 j - 11 curare-tipped darts {=f}
 l - 6 atropa-tipped darts
 o - 30 poisoned darts
 p - 10 boomerangs
 s - 4 javelins
 z - 87 bolts
Armour
 c - a +0 kite shield (worn)
 h - a +3 scale mail of poison resistance
 n - the +0 hat "Umnir" (worn) {rF+}
   (You acquired it on level 5 of the Dungeon)

   It protects you from fire.
 q - a +0 plate armour of willpower (worn)
 w - the +0 pair of gloves of the Barnacle (worn) {rElec}
   (Okawaru gifted it to you on level 11 of the Dungeon)

   It insulates you from electricity.
 D - a +2 cloak (worn)
Jewellery
 d - a ring of ice
 e - an amulet of regeneration (around neck)
 f - a ring of see invisible (left hand)
 i - a ring of willpower (right hand)
 k - a ring of flight
Wands
 t - a wand of digging (3)
 v - a wand of flame (47) (quivered)
 x - a wand of charming (9)
 y - a wand of paralysis (4)
Scrolls
 m - 5 scrolls of enchant weapon
 r - a scroll of identify
 T - 4 scrolls of teleportation
 U - 2 scrolls of fear
 Y - 5 scrolls of blinking {!r}
Potions
 A - a potion of ambrosia
 B - a potion of attraction {!q}
 C - a potion of berserk rage {!q}
 F - 4 potions of curing
 H - 2 potions of haste
 J - 3 potions of heal wounds
 M - 3 potions of mutation {!q}
 N - 3 potions of might
 O - a potion of resistance


   Skills:
 + Level 10.8 Fighting
 * Level 14.0 Maces & Flails
 * Level 14.2 Armour
 + Level 14.1 Shields
 + Level 7.5 Invocations


You had 11 spell levels left.
You didn't know any spells.
Your spell library contained the following spells:

 Spells                   Type           Power      Damage    Failure   Level
 Corona                   Hex            0%         N/A       99%         1
 Ensorcelled Hibernation  Hex/Ice        0%         N/A       100%        2
 Confusing Touch          Hex            0%         N/A       100%        3
 Dazzling Flash           Conj/Hex       0%         N/A       100%        3
 Tukima's Dance           Hex            0%         N/A       100%        3


Dungeon Overview and Level Annotations

Branches:
Dungeon (13/15)            Temple (1/1) D:5            Lair (0/6) D:9
    Orc (0/2) D:10
 Vaults: D:13-14

Altars:
Ashenzari
Cheibriados
Dithmenos
Elyvilon
Fedhas
Gozag
Hepliaklqana
Kikubaaqudgha
Makhleb
Nemelex Xobeh
Okawaru
Qazlal
Ru
Sif Muna
Trog
Uskayaw
Vehumet
Wu Jian
Xom
Yredelemnul
Zin
The Shining One
Beogh

Shops:
D:4 [   D:8 !   D:11 [

Annotations:
D:9 7 runed translucent doors


Innate Abilities, Weirdness & Mutations

You have a pair of horns on your head.
You reflexively headbutt those who attack you in melee.


Message History

The enormous slime creature is severely wounded.
Two slime creatures merge to form a titanic slime creature.
You hit the titanic slime creature.
Lightning courses through the titanic slime creature!
The titanic slime creature is severely wounded.
You hear the faint creaking of a very distant portcullis.
You whack the titanic slime creature!
You headbutt the titanic slime creature!
The titanic slime creature is severely wounded.
The titanic slime creature hits you!
You hit the titanic slime creature.
You headbutt the titanic slime creature!
The titanic slime creature is severely wounded.
You whack the titanic slime creature!
Lightning courses through the titanic slime creature!
The titanic slime creature is severely wounded.
A titanic slime creature splits.
You hit the very large slime creature.
The very large slime creature is severely wounded.
You hit the very large slime creature but do no damage.
The very large slime creature is severely wounded.
The very large slime creature hits you!!!
* * * LOW HITPOINT WARNING * * *
You block the slime creature's attack.
A large slime creature splits.
A very large slime creature splits.
Two slime creatures merge to form a large slime creature.
Unknown command.
You can now deal lightning-fast blows.
You block the large slime creature's attack.
The slime creature hits you!
* * * LOW HITPOINT WARNING * * *
The slime creature hits you but does no damage.
You block the large slime creature's attack.
You whack the large slime creature!
Your headbutt misses the large slime creature.
The large slime creature is almost dead.
You hit the large slime creature.
The large slime creature is almost dead.
The large slime creature hits you!!
You die...

#......# #......#
#.)....# ##'##### #.##
#..# ##.# ##### ##.#####
......######..@J..#
......'....#.JJJ..######
......####.............#
..... ###......####.#
.... #####.## ### #.#
#.. ##.# +#


You could see 2 large slime creatures and 2 slime creatures.

Vanquished Creatures
  A fire giant (D:10)
  Fannar (D:11)
  2 hydras (D:12)
  A boulder beetle (D:12)
  A centaur warrior (D:13)
  5 two-headed ogres
  A tengu warrior (D:11)
  Sonja (D:11)
  Nergalle (D:11)
  A skeletal warrior (D:12)
  Pikel (D:8)
  An orc knight (D:10)
  An ugly thing (D:10)
  A deep elf pyromancer (D:12)
  A manticore (D:12)
  4 cyclopes
  The ghost of PanSaczeczos the Sneak, a novice OpIE of Fedhas (D:5)
  2 gargoyles (D:12)
  2 komodo dragons (D:12)
  3 trolls
  Grinder (D:3)
  A hornet (D:8)
  6 slime creatures (D:12)
  A water elemental (D:11)
  A shadow (D:7)
  A vampire (D:11)
  14 yaks
  A basilisk (D:12)
  A steam dragon (D:8)
  11 vampire mosquitoes
  Menkaure (D:4)
  Edmund (D:4)
  A water moccasin (D:7)
  2 acid dragons
  Duvessa (D:4)
  7 orc warriors
  2 hornet zombies
  2 ice beasts (D:6)
  2 black bears
  2 necrophages
  5 centaurs
  3 wolves (D:9)
  3 kobold brigands
  Blork the orc (D:4)
  A gnoll sergeant (D:8)
  3 bullfrogs
  2 scorpions
  Dowan (D:4)
  A water moccasin skeleton (D:6)
  4 howler monkeys
  3 electric eels
  A bullfrog zombie (D:6)
  3 centaur zombies
  2 jellies (D:6)
  6 orc priests
  Crazy Yiuf (D:4)
  2 gnoll shamans
  7 hounds
  Jessica (D:2)
  An iguana (D:4)
  Natasha (twice) (D:2)
  Terence (D:2)
  11 orc wizards
  A killer bee zombie (D:8)
  A hound skeleton (D:4)
  A howler monkey zombie (D:7)
  A howler monkey skeleton (D:6)
  16 gnolls
  8 adders
  An adder skeleton (D:4)
  2 dart slugs
  49 orcs
  5 ball pythons
  2 bats
  6 endoplasms
  3 giant cockroaches
  4 goblins
  9 hobgoblins
  5 jackals
  20 kobolds
  4 quokkas
  2 frilled lizards (D:1)
  3 rats (D:1)
299 creatures vanquished.

Notes
Turn   | Place    | Note
-------+----------+-------------------------------------------
     0 | D:1      | wakim the Minotaur Fighter began the quest for the Orb.
     0 | D:1      | Reached XP level 1. HP: 19/19 MP: 0/0
   139 | D:1      | Reached XP level 2. HP: 22/27 MP: 1/1
  1088 | D:1      | Reached XP level 3. HP: 33/33 MP: 2/2
  1244 | D:2      | Noticed Natasha
  1250 | D:2      | Killed Natasha
  1346 | D:2      | Noticed Terence
  1353 | D:2      | Killed Terence
  1354 | D:2      | Reached XP level 4. HP: 40/40 MP: 3/3
  1380 | D:2      | Noticed Jessica
  1391 | D:2      | Killed Jessica
  1427 | D:2      | Identified a scroll of acquirement
  1427 | D:2      | Acquired a manual of Shields
  1611 | D:2      | Noticed Natasha
  1624 | D:2      | Killed Natasha
  1860 | D:2      | Reached skill level 5 in Armour
  1860 | D:2      | Reached XP level 5. HP: 32/46 MP: 4/4
  2361 | D:3      | Noticed Grinder
  2362 | D:3      | Paralysed by Grinder for 7 turns
  2468 | D:3      | Found a faded altar of an unknown god.
  2559 | D:3      | Found a shimmering altar of Xom.
  2812 | D:4      | Reached skill level 5 in Shields
  3219 | D:4      | Found a snail-covered altar of Cheibriados.
  3228 | D:4      | Reached XP level 6. HP: 53/53 MP: 5/5
  3258 | D:4      | Noticed Menkaure
  3267 | D:4      | Killed Menkaure
  3268 | D:4      | Reached skill level 5 in Maces & Flails
  3273 | D:4      | Found Aghiyda's Armour Shop.
  3376 | D:4      | Noticed Duvessa
  3389 | D:4      | Reached skill level 5 in Fighting
  3397 | D:4      | Reached XP level 7. HP: 61/61 MP: 6/6
  3404 | D:4      | Noticed Dowan
  3414 | D:4      | Killed Duvessa
  3424 | D:4      | Killed Dowan
  3649 | D:4      | Found a runed translucent door.
  3650 | D:4      | Noticed Crazy Yiuf
  3768 | D:4      | Found a bloodstained altar of Trog.
  3820 | D:4      | Killed Crazy Yiuf
  3910 | D:5      | Entered Level 5 of the Dungeon
  3910 | D:5      | Found a runed translucent door.
  3910 | D:5      | Noticed PanSaczeczos's ghost (novice OpIE)
  3984 | D:5      | Noticed Edmund
  4010 | D:4      | Reached XP level 8. HP: 70/70 MP: 7/7
  4070 | D:4      | Killed Edmund
  4119 | D:5      | Noticed Blork the orc
  4145 | D:4      | Killed Blork the orc
  4329 | D:5      | Found a staircase to the Ecumenical Temple.
  4352 | Temple   | Entered the Ecumenical Temple
  4358 | Temple   | Became a worshipper of Warmaster Okawaru
  4794 | D:6      | Found an ancient bone altar of Kikubaaqudgha.
  4894 | D:6      | Reached skill level 1 in Invocations
  5078 | D:6      | Found a sacrificial altar of Ru.
  5102 | D:6      | Reached * piety under Okawaru
  5103 | D:6      | Reached XP level 9. HP: 78/78 MP: 9/9
  5254 | D:7      | Noticed a +0 dagger
  5259 | D:7      | Found a hide-covered altar of Uskayaw.
  5260 | D:7      | Noticed a +0 dagger
  5558 | D:7      | Found an opulent altar of Gozag.
  5952 | D:8      | Reached ** piety under Okawaru
  6073 | D:3      | Killed Grinder
  6352 | D:8      | Noticed Pikel
  6360 | D:8      | Killed Pikel
  6361 | D:8      | Reached skill level 10 in Armour
  6416 | D:8      | Found Kemofumo's Distillery.
  6452 | D:8      | Reached skill level 10 in Shields
  6464 | D:8      | Reached *** piety under Okawaru
  6465 | D:8      | Reached XP level 10. HP: 88/88 MP: 11/11
  6807 | D:8      | Reached skill level 10 in Maces & Flails
  7151 | D:9      | Noticed a two-headed ogre
  7173 | D:9      | Reached **** piety under Okawaru
  7181 | D:9      | Identified the +4 falchion "Concordance" {freeze, Will++
                  | Int+5}
  7205 | D:9      | Killed a two-headed ogre
  7236 | D:9      | Found a staircase to the Lair.
  7388 | D:9      | Found a runed translucent gate.
  7391 | D:9      | Found the +9 staff of Olgreb {rPois∞}
  7395 | D:9      | Found a runed translucent door.
  7418 | D:9      | Found a runed translucent gate.
  7418 | D:9      | Found a runed translucent gate.
  7439 | D:9      | Found a runed translucent door.
  7637 | D:9      | Found a runed translucent door.
  7645 | D:9      | Found a runed translucent door.
  7716 | D:10     | Entered Level 10 of the Dungeon
  7849 | D:10     | Noticed an orc knight
  7898 | D:10     | Killed an orc knight
  7987 | D:10     | Found a staircase to the Orcish Mines.
  8000 | D:10     | Reached ***** piety under Okawaru
  8782 | D:5      | Killed PanSaczeczos's ghost
  8783 | D:5      | Reached skill level 5 in Invocations
  8783 | D:5      | Reached XP level 11. HP: 86/95 MP: 13/13
  8800 | D:5      | Acquired the +0 hat "Umnir" {rF+}
  9303 | D:11     | Noticed Fannar
  9342 | D:11     | Killed Fannar
  9421 | D:11     | Noticed a two-headed ogre
  9434 | D:11     | Killed a two-headed ogre
  9434 | D:11     | Received a gift from Okawaru
  9578 | D:11     | Noticed Sonja
  9581 | D:11     | Killed Sonja
  9630 | D:11     | Noticed a two-headed ogre
  9673 | D:11     | Killed a two-headed ogre
  9727 | D:11     | Noticed a two-headed ogre
  9744 | D:11     | Killed a two-headed ogre
  9774 | D:11     | Identified the +0 pair of gloves of the Barnacle {rElec}
                  | (Okawaru gifted it to you on level 11 of the Dungeon)
  9774 | D:11     | Received a gift from Okawaru
  9920 | D:11     | Noticed Nergalle
  9940 | D:11     | Killed Nergalle
 10039 | D:11     | Reached XP level 12. HP: 99/106 MP: 15/15
 10066 | D:11     | Found Qosepim's Armour Boutique.
 10083 | D:11     | Noticed a fire giant
 10200 | D:10     | Killed a fire giant
 10201 | D:10     | Reached skill level 10 in Fighting
 10444 | D:11     | Identified the +6 hand axe of Experimentation {flame, rPois
                  | rC- Int+4 SInv}
 10551 | D:11     | Noticed a tengu warrior
 10570 | D:11     | Killed a tengu warrior
 10654 | D:12     | Noticed a boulder beetle
 10671 | D:12     | Killed a boulder beetle
 10802 | D:12     | Noticed a two-headed ogre
 10808 | D:12     | Killed a two-headed ogre
 10978 | D:12     | Received a gift from Okawaru
 12199 | D:12     | Noticed an eight-headed hydra
 12225 | D:12     | Killed an eight-headed hydra
 12369 | D:12     | Reached ****** piety under Okawaru
 12408 | D:12     | Noticed a six-headed hydra
 12417 | D:12     | Killed a six-headed hydra
 12633 | D:13     | Noticed a centaur warrior
 12645 | D:13     | Killed a centaur warrior
 12694 | D:13     | Slain by a large slime creature

Illustrated notes

Levels and vault maps discovered:
D:1:      dpeg_arrival_refuge, layout_basic
D:2:      layout_loops_corners, uniq_natasha, uniq_jessica, uniq_terence
D:3:      layout_rooms, xom_teletrap_fun,
          shapermc_ecumenical_altar_totnotflames, minmay_misc_feat_tiny,
          uniq_grinder
D:4:      layout_basic, kennysheep_slug_shrine, lemuel_coloured_pillars_altar,
          serial_shops, shop, uniq_crazy_yiuf_cottage, uniq_menkaure,
          uniq_duvessa
D:5:      layout_cave_pools, minmay_temple_entry_sparse_star,
          hellmonk_ghost_happy_afterlife, uniq_edmund, uniq_blork_the_orc
D:6:      layout_rooms, amcnicky_altar_gilded, marbit_many_paths
D:7:      layout_rooms, grunt_gozag_breadcrumbs, dancing_weapons_uskayaw,
          hangedman_abyss_or_decor_stabs
D:8:      layout_basic, serial_shops, shop_statue, uniq_pikel
D:9:      lemuel_insect_pit, layout_rooms, erik_lair_island,
          minmay_guarded_unrand_staff_of_olgreb
D:10:     layout_roguey, david_orc_5
D:11:     layout_basic, serial_shops, shop, minmay_three_doors, uniq_fannar,
          uniq_nergalle, uniq_sonja
D:12:     layout_roguey, chequers_serial_rivers_large_a, minmay_quadrilaterals
D:13:     layout_roguey, serial_shops, nicolae_shop_waterfront, enter_bailey_6,
          mikee_hates_you
Temple:   nicolae_temple_no_exploring_needed

Skill      XL: |  1  2  3  4  5  6  7  8  9 10 11 12 |
---------------+-------------------------------------+-----
Armour         | 4 5 6 7 8 10 11 12 14 | 14.2
Maces & Flails | 3 4 5 6 8 9 11 12 14 | 14.0
Shields        | 4 5 6 7 8 10 11 12 14 | 14.1
Fighting       | 4 5 6 7 8 9 10 | 10.8
Invocations    | 1 3 5 6 7 |  7.5

Action                   |  1- 3 |  4- 6 |  7- 9 | 10-12 || total
-------------------------+-------+-------+-------+-------++-------
Melee: Flail             |    71 |   118 |   134 |       ||   323
       Headbutt          |     9 |    19 |    65 |   169 ||   262
       Whip              |       |       |   158 |   735 ||   893
       Morningstar       |       |       |       |    16 ||    16
Throw: Dart              |       |       |       |     9 ||     9
Invok: Heroism           |       |       |       |     4 ||     4
       Finesse           |       |       |       |     2 ||     2
Evoke: Wand              |       |       |       |    24 ||    24
  Use: Scroll            |     2 |     4 |     6 |     8 ||    20
       Potion            |       |       |     1 |     2 ||     3
 Stab: Paralysed         |       |       |       |     2 ||     2
Armor: Scale mail        |    29 |    49 |   144 |    36 ||   258
       Plate armour      |       |       |       |   122 ||   122
Dodge: Dodged            |    16 |    32 |    90 |    97 ||   235
Block: Kite shield       |    26 |    57 |   207 |   293 ||   583

Table legend: (Time is in decaauts)
 A = Elapsed time spent in this place.
 B = Non-inter-level travel time spent in this place.
 C = Inter-level travel time spent in this place.
 D = Time resting spent in this place.
 E = Time spent auto-exploring this place.
 F = Levels seen in this place.
 G = Mean time per level.
                   A        B        C        D        E       F      G
               +--------+--------+--------+--------+--------+-----+--------+
         Total |  12540 |  11382 |   1158 |    201 |   8611 |  14 |  895.7 |
       Dungeon |  12526 |  11368 |   1158 |    201 |   8611 |  13 |  963.5 |
        Temple |     13 |     13 |      0 |      0 |      0 |   1 |   13.0 |
               +--------+--------+--------+--------+--------+-----+--------+

Top non-repeatable levels by time:
    D:12: 1554 daAuts
     D:4: 1478 daAuts
     D:2: 1416 daAuts
    D:11: 1281 daAuts
     D:1: 1175 daAuts
     D:9: 957 daAuts
    D:10: 956 daAuts
     D:8: 890 daAuts
     D:7: 820 daAuts
     D:5: 811 daAuts
     D:3: 572 daAuts
     D:6: 552 daAuts
    D:13: 59 daAuts
  Temple: 13 daAuts
